 Dungeon Crawl Stone Soup version 0.17-a0-1714-g35622ae (webtiles) character file.

53106 vatarom the Black Sun (level 14, -13/97 HPs)
             Began as a Demonspawn Necromancer on Aug 23, 2015.
             Was a High Priest of Kikubaaqudgha.
             Mangled by an orc knight
             ... wielding a +0 great sword
              (16 damage)
             ... on level 4 of the Orcish Mines.
             The game lasted 01:43:34 (23053 turns).

vatarom the Black Sun (Demonspawn Necromancer)     Turns: 23053, Time: 01:43:35

Health: -13/97     AC: 11    Str: 15    XL:     14   Next: 29%
Magic:  26/33      EV: 19    Int: 22    God:    Kikubaaqudgha [*****.]
Gold:   1018       SH:  4    Dex: 19    Spells: 10 memorised, 5 levels left

rFire  . . .     SeeInvis +     U - staff of death
rCold  + + .     Clarity  .     A - +3 leather armour of Negligence {rC+ MR+ SInv}
rNeg   + . .     SustAt   .     K - +0 buckler
rPois  .         Gourm    .     F - +2 hat {Int+3}
rElec  .         Spirit   .     x - +0 cloak
rCorr  .         Warding  .     (no gloves)
rMut   .         Stasis   .     j - +1 pair of boots
MR     ++...                    (no amulet)
Stlth  ++++......               b - +5 ring of strength
                                h - +4 ring of evasion

@: about to teleport, regenerating, very resistant to hostile enchantments,
stealthy
A: horns 2, thin skeletal structure 3, cold resistance 1, dopey 1, frail 1, high
mp 1, powered by death 2, rot immunity
a: Receive Corpses, Torment, Renounce Religion


You were on level 4 of the Orcish Mines.
You worshipped Kikubaaqudgha.
Kikubaaqudgha was extremely pleased with you.
You were not hungry.

You visited 4 branches of the dungeon, and saw 25 of its levels.
You also visited: Labyrinth, Sewer and Ossuary.

You collected 2139 gold pieces.
You spent 1121 gold pieces at shops.

Inventory:

Hand weapons
 d - a +0 mace
 e - a +2 short sword of venom
 n - a +3 trident of flaming
Armour
 j - a +1 pair of boots (worn)
 x - a +0 cloak (worn)
 A - the +3 leather armour of Negligence (worn) {rC+ MR+ SInv}
   (You bought it in a shop on level 6 of the Dungeon)

   It protects you from cold.
   It affects your resistance to hostile enchantments.
   It lets you see invisible.
 F - a +2 hat of intelligence (worn)
 K - a +0 buckler (worn)
Magical staves
 U - an uncursed staff of death (weapon)
Jewellery
 b - a +5 ring of strength (right hand)
 h - a +4 ring of evasion (left hand)
 i - a +4 ring of strength
 u - an uncursed ring of protection from fire
 y - an uncursed ring of protection from magic
 J - an uncursed ring of protection from fire
 L - an uncursed ring of protection from magic
 P - an uncursed amulet of resist mutation
 T - an uncursed ring of stealth
 V - an uncursed ring of protection from fire
Magical devices
 o - a wand of draining (7)
 v - a wand of teleportation (4)
 w - a wand of teleportation (3)
 Q - a wand of heal wounds (2)
 Y - a wand of digging (11)
Scrolls
 f - 14 scrolls of remove curse
 l - 8 scrolls of identify
 q - 3 scrolls of magic mapping
 B - a scroll of enchant armour
 C - 3 scrolls of teleportation
 H - 3 scrolls of enchant weapon
Potions
 a - a potion of magic
 c - 2 potions of might
 m - 2 potions of invisibility
 p - a potion of lignification
 s - 3 potions of cancellation
 E - 2 potions of curing
 M - a potion of resistance
 O - 3 potions of flight
 X - 2 potions of agility
 Z - a potion of berserk rage
Books
 R - a book of Unlife

   Spells                             Type                      Level
   a - Recall                         Summoning/Translocation      3
   b - Animate Dead                   Necromancy                   4
   c - Control Undead                 Necromancy                   4
   d - Cigotuvi's Embrace             Necromancy                   5
   e - Death Channel                  Necromancy                   6
   f - Simulacrum                     Ice/Necromancy               6
Comestibles
 g - 2 meat rations
 r - 16 fruits
 t - 2 royal jellies
 G - 5 bread rations


   Skills:
 - Level 9.4 Fighting
 - Level 4.2 Throwing
 - Level 6.0 Dodging
 - Level 1.7 Stealth
 + Level 12.0 Spellcasting
 - Level 6.2 Conjurations
 + Level 16.8 Necromancy
 - Level 6.2 Evocations


You had 5 spell levels left.
You knew the following spells:

 Your Spells              Type           Power        Failure   Level  Hunger
b - Animate Skeleton      Necr           N/A          0%          1    None
c - Vampiric Draining     Necr           #######...   1%          3    None
d - Regeneration          Chrm/Necr      ######....   1%          3    None
e - Control Undead        Necr           #######...   1%          4    None
f - Animate Dead          Necr           N/A          1%          4    None
g - Sublimation of Blood  Necr           #######...   0%          2    None
h - Corpse Rot            Necr           N/A          0%          2    None
i - Bolt of Draining      Conj/Necr      #######...   2%          5    ####...
j - Recall                Summ/Tloc      N/A          30%         3    None
k - Dispel Undead         Necr           #######.     1%          5    ####...


Dungeon Overview and Level Annotations

Branches:
Dungeon (12/15)            Temple (1/1) D:4            Lair (8/8) D:8
 Shoals (0/4) Lair:4        Snake (0/4) Lair:3        Slime (0/6) Lair:6
    Orc (4/4) D:11            Elf (0/3) Orc:3

Altars:
Ashenzari
Cheibriados
Dithmenos
Elyvilon
Fedhas
Gozag
Kikubaaqudgha
Makhleb
Nemelex Xobeh
Okawaru
Qazlal
Ru
Sif Muna
Trog
Vehumet
Xom
Yredelemnul
Zin
The Shining One
Jiyva

Shops:
D:6 [   D:9 :   Orc:3 !   Orc:4 ((:*

Annotations:
D:6 1 runed door
Lair:3 exclusion: oklob plant
Orc:4 Rupert


Innate Abilities, Weirdness & Mutations

You have a pair of horns on your head.
You have an unnaturally thin skeletal structure (Dex +6, Stealth++).
Your flesh is cold resistant.
You regenerate health from kills.
You are immune to rotting.
You are dopey. (Int -2)
You are frail (-10% HP).
You have an increased reservoir of magic (+10% MP).


Message History

The orange demon closely misses you.
An orc comes into view. It is wielding a whip.
Casting: Regeneration
Confirm with . or Enter, or press ? or * to list all spells.
You feel a surge of power!
You call on the dead to rise...
The dead are walking!
The orc hits your rat skeleton with a whip.
Cornered, the orc warrior turns to fight!
The orc high priest prays to Beogh.
Cornered, the orc warrior turns to fight!
The orc warrior hits your yak skeleton with a dire flail!!
The orc sorcerer mumbles some strange words.
The orc wizard mumbles some strange words.
The orc wizard blinks!
The orc knight hits you with a great sword!
* * * LOW HITPOINT WARNING * * *
The orc priest hits your rat skeleton with a club.
The orc knight hits you with a great sword!
You die...
Kikubaaqudgha rasps: "You have failed me!
Welcome... death!"

# ##∩3## #
##o.o.##
####
#∩.4o.o#
...#
##....4.##
..##
#.o.Z..Z.#
..#
#.o§.4o..#
..#
#34.Z§oo4##
.##
#4Z..o@.Z.#
##


#o.ZZ.ZZZo# # ##o.o4.Zo## ##....### #o.Z.. ### ###..Z #.## ##oo ...# ###. .#.#
You could see 3 orc knights, 3 orc high priests, a sun demon, 2 orange demons, a
hellwing, 2 rust devils, 2 blue devils, a neqoxec, 3 orc sorcerers, 4 orc
warriors, 2 orc priests, 2 orc wizards, an orc (frenzied), 11 friendly rat
skeletons and 2 friendly yak skeletons.

Vanquished Creatures
  Gastronok (D:8)
  Nessos (Orc:3)
  A fire dragon (Lair:8)
  Josephine (Orc:4)
  A minotaur (Lab)
  The ghost of CHEIROBIN the Cleaver, a powerful MiFi of Cheibriados (Orc:3)
  5 hydras
  2 catoblepae
  3 death yaks (Lair:7)
  Sonja (D:11)
  Nergalle (Orc:1)
  2 unseen horrors (D:11)
  A lindwurm (Lair:1)
  A hill giant (D:11)
  A griffon (Lair:8)
  5 elephants (Lair:8)
  Maurice (D:11)
  3 black mambas
  8 spiny frogs
  A torpor snail (Lair:8)
  6 komodo dragons
  2 fire drakes
  3 trolls
  2 blink frogs (Lair:8)
  2 wraiths (Orc:3)
  22 yaks
  A deep elf mage (D:10)
  2 steam dragons
  7 hippogriffs
  3 nagas (Lair:3)
  4 wolves
  A mottled dragon (Lair:8)
  Edmund (D:5)
  A warg (Orc:2)
  9 water moccasins
  7 porcupines
  5 sky beasts
  A soldier ant (D:6)
  11 orc warriors
  4 centaurs
  6 ogres
  9 crocodiles
  A big kobold (D:11)
  15 giant frogs
  3 elf skeletons (D:4)
  3 scorpions
  6 water moccasin zombies (Ossuary)
  2 killer bees (D:8)
  A wight (D:9)
  3 jellies
  4 hounds
  3 quasits
  2 crimson imps
  2 centaur skeletons
  2 giant frog zombies (D:11)
  19 orc wizards
  Ijyb (D:2)
  7 worker ants
  Jessica (D:4)
  3 human skeletons (D:4)
  7 iguanas
  15 orc priests
  2 sheep (Lair:1)
  A killer bee zombie (D:8)
  2 big kobold zombies (Ossuary)
  A hound skeleton (D:9)
  6 gnolls
  43 river rats
  13 adders
  3 oozes
  3 adder skeletons
  6 adder zombies
  5 worms
  107 orcs
  4 ball pythons (Sewer)
  6 bats
  10 giant cockroaches
  4 gnoll zombies (Ossuary)
  7 hobgoblins
  3 jackals (D:2)
  8 kobolds
  A quokka (D:9)
  5 giant geckos
  A giant gecko skeleton (D:5)
  9 giant newts
  7 goblins
  6 hobgoblin zombies (Ossuary)
  A jackal skeleton (D:5)
  3 kobold zombies (Ossuary)
  3 orc zombies (Ossuary)
  A quokka skeleton (D:5)
  8 rats
  A plant (Lair:4)
530 creatures vanquished.

Vanquished Creatures (collateral kills)
  Fannar (Lair:3)
  2 hydras
  Erica (D:8)
  A catoblepas (Lair:5)
  7 death yaks
  A tengu warrior (D:9)
  2 griffons (Lair:7)
  A manticore (D:11)
  10 elephants
  3 black mambas
  3 spiny frogs
  2 komodo dragons
  2 torpor snails
  A tengu conjurer (D:9)
  A troll (D:11)
  A boulder beetle (Lair:8)
  2 blink frogs (Lair:8)
  34 yaks
  4 hippogriffs
  3 basilisks
  A steam dragon (Lair:8)
  4 wolves
  A naga (Lair:3)
  2 swamp drakes (Lair:8)
  7 water moccasins
  2 porcupines
  10 crocodiles
  7 giant frogs
  6 killer bees
  A crimson imp (D:5)
  3 wights (D:9)
  A jelly (Lair:6)
  A hound (D:8)
  3 orc priests
  6 iguanas
  A worker ant (D:6)
  7 orc wizards
  2 sheep (Lair:1)
  A mummy (Ossuary)
  A worker ant zombie (D:9)
  4 gnolls (D:9)
  29 river rats
  3 oozes (Lair:6)
  25 orcs
  A hobgoblin (D:1)
  A kobold (D:11)
  5 giant cockroaches
  2 giant newts (Sewer)
  A butterfly (D:6)
  8 fungi
  3 plants
231 creatures vanquished.

Vanquished Creatures (others)
  A wolf (Lair:8)
  26 fungi
  8 plants
35 creatures vanquished.

Grand Total: 796 creatures vanquished

Notes
Turn   | Place    | Note
--------------------------------------------------------------
     0 | D:1      | vatarom the Demonspawn Necromancer began the quest for the Orb.
     0 | D:1      | Reached XP level 1. HP: 13/13 MP: 3/3
    34 | D:1      | Reached skill level 1 in Fighting
   175 | D:1      | Learned a level 1 spell: Animate Skeleton
   386 | D:1      | Gained mutation: You have a pair of small horns on your head. [demonic ancestry]
   386 | D:1      | Reached XP level 2. HP: 20/22 MP: 3/5
  1270 | D:2      | Gained mutation: You have a somewhat thin skeletal structure (Dex +2, Stealth). [demonic ancestry]
  1270 | D:2      | Reached XP level 3. HP: 28/28 MP: 4/6
  1274 | D:2      | Noticed Ijyb
  1301 | D:2      | Killed Ijyb
  1373 | D:2      | Learned a level 3 spell: Vampiric Draining
  1436 | D:2      | Your ally Ijyb died
  1443 | D:2      | Gained mutation: You have a pair of horns on your head. [demonic ancestry]
  1443 | D:2      | Reached XP level 4. HP: 32/36 MP: 3/7
  1705 | D:2      | Learned a level 3 spell: Regeneration
  1709 | D:2      | Found a shimmering altar of Xom.
  1711 | D:2      | Found a snail-covered altar of Cheibriados.
  1715 | D:2      | Found a sacrificial altar of Ru.
  1716 | D:2      | Found a basalt altar of Yredelemnul.
  1717 | D:2      | Found a shattered altar of Ashenzari.
  1717 | D:2      | Found a glowing silver altar of Zin.
  1717 | D:2      | Found a sparkling altar of Nemelex Xobeh.
  1718 | D:2      | Found an iron altar of Okawaru.
  1721 | D:2      | Found a stormy altar of Qazlal.
  2247 | D:3      | Found an ancient bone altar of Kikubaaqudgha.
  2255 | D:3      | Became a worshipper of Kikubaaqudgha
  2281 | D:3      | Gained mutation: You have a moderately thin skeletal structure (Dex +4, Stealth+). [demonic ancestry]
  2281 | D:3      | Reached XP level 5. HP: 41/41 MP: 7/9
  2917 | D:4      | Reached skill level 5 in Necromancy
  2961 | D:4      | Reached XP level 6. HP: 45/47 MP: 8/11
  3105 | D:4      | Learned a level 4 spell: Control Undead
  3152 | D:4      | Found a sand-covered staircase.
  3170 | Ossuary  | Entered an ossuary
  3194 | Ossuary  | Reached skill level 6 in Necromancy
  3194 | Ossuary  | Gained mutation: You regenerate a little health from kills. [demonic ancestry]
  3194 | Ossuary  | Reached XP level 7. HP: 35/52 MP: 13/13
  3299 | Ossuary  | Reached skill level 5 in Spellcasting
  3363 | Ossuary  | Reached skill level 7 in Necromancy
  3548 | D:4      | Gained mutation: You are immune to rotting. [demonic ancestry]
  3548 | D:4      | Reached XP level 8. HP: 53/59 MP: 16/16
  3554 | D:4      | Learned a level 4 spell: Animate Dead
  3633 | D:4      | Noticed a hippogriff
  3640 | D:4      | Killed a hippogriff
  3828 | D:4      | Noticed Jessica
  3845 | D:4      | Acquired Kikubaaqudgha's first power
  3845 | D:4      | Received a gift from Kikubaaqudgha
  3848 | D:4      | Identified Kikubaaqudgha's Guide on Evil Secrets (Kikubaaqudgha gifted it to you on level 4 of the Dungeon)
  3852 | D:4      | Learned a level 2 spell: Sublimation of Blood
  3908 | D:4      | Noticed an ogre
  3921 | D:4      | Found a staircase to the Ecumenical Temple.
  3937 | Temple   | Entered the Ecumenical Temple
  4057 | D:4      | Killed an ogre
  4057 | D:4      | Reached skill level 8 in Necromancy
  4194 | D:4      | Killed Jessica
  4204 | D:4      | Found a deep blue altar of Sif Muna.
  4248 | D:5      | Entered Level 5 of the Dungeon
  4875 | D:5      | Reached skill level 9 in Necromancy
  5012 | D:5      | Noticed Edmund
  5025 | D:5      | Killed Edmund
  5370 | D:6      | Reached XP level 9. HP: 63/66 MP: 13/19
  5374 | D:6      | Learned a level 2 spell: Corpse Rot
  5545 | D:6      | Found a glowing drain.
  5628 | Sewer    | Entered a sewer
  5891 | Sewer    | Reached skill level 5 in Fighting
  6304 | D:6      | Acquired Kikubaaqudgha's second power
  6360 | D:6      | Found Jafapn's Antique Armour Boutique.
  6371 | D:6      | Bought a jewelled leather armour for 140 gold pieces
  6371 | D:6      | Identified the +3 leather armour of Negligence {rC+ MR+ SInv} (You bought it in a shop on level 6 of the Dungeon)
  6418 | D:6      | Found a runed door.
  6676 | D:6      | Found a runed door.
  6827 | D:6      | Reached skill level 10 in Necromancy
  7666 | D:8      | Found a staircase to the Lair.
  7683 | D:8      | Noticed Gastronok
  7722 | D:8      | Killed Gastronok
  7722 | D:8      | Reached skill level 5 in Dodging
  7722 | D:8      | Reached skill level 11 in Necromancy
  7722 | D:8      | Gained mutation: Your flesh is cold resistant. [demonic ancestry]
  7722 | D:8      | Reached XP level 10. HP: 56/74 MP: 1/20
  7968 | D:8      | Noticed Erica
  7979 | D:8      | Killed Erica
  8042 | D:8      | Your ally Erica died
  8870 | D:9      | Reached skill level 12 in Necromancy
  8921 | D:9      | Found a white marble altar of Elyvilon.
  8982 | D:9      | Found Volit's Book Shop.
  9163 | D:9      | Noticed a tengu warrior
  9177 | D:9      | Killed a tengu warrior
  9288 | D:9      | Found a radiant altar of Vehumet.
  9336 | D:9      | Gained mutation: You are weak. (Str -2) [mutagenic meat]
  9752 | D:10     | Entered Level 10 of the Dungeon
 10133 | D:10     | Reached skill level 1 in Throwing
 10180 | D:10     | Gained mutation: You have an unnaturally thin skeletal structure (Dex +6, Stealth++). [mutagenic meat]
 10833 | D:11     | Found a staircase to the Orcish Mines.
 10989 | D:11     | Noticed a manticore
 10998 | D:11     | Killed a manticore
 11128 | D:11     | Noticed a hill giant
 11146 | D:11     | Killed a hill giant
 11146 | D:11     | Reached XP level 11. HP: 78/80 MP: 16/23
 11228 | D:11     | Noticed an unseen horror
 11232 | D:11     | Received a gift from Kikubaaqudgha
 11247 | D:11     | Killed an unseen horror
 11254 | D:11     | Identified Kikubaaqudgha's Incunabulum of Evil Rites (Kikubaaqudgha gifted it to you on level 11 of the Dungeon)
 11261 | D:11     | Learned a level 5 spell: Bolt of Draining
 11366 | D:11     | Noticed an unseen horror
 11381 | D:11     | Killed an unseen horror
 11381 | D:11     | Reached skill level 13 in Necromancy
 11578 | D:11     | Reached skill level 1 in Conjurations
 11583 | D:11     | Noticed Sonja
 11590 | D:11     | Killed Sonja
 11704 | D:10     | Gained mutation: You can breathe flames. [mutagenic meat]
 11705 | D:10     | Gained mutation: You are somewhat resistant to further mutation. [mutagenic meat]
 11761 | Lair:1   | Entered Level 1 of the Lair of Beasts
 11898 | Lair:1   | Lost mutation: You are somewhat resistant to further mutation. [mutagenic meat]
 12679 | Lair:1   | Noticed a lindwurm
 12692 | Lair:1   | Killed a lindwurm
 12894 | Lair:2   | Reached skill level 5 in Conjurations
 13039 | Lair:2   | Acquired Kikubaaqudgha's third power
 13193 | Lair:2   | Noticed a seven-headed hydra
 13199 | Lair:2   | Killed a seven-headed hydra
 13199 | Lair:2   | Reached skill level 10 in Spellcasting
 13683 | Lair:2   | Mutation became permanent: You have an unnaturally thin skeletal structure (Dex +6, Stealth++). [demonic ancestry]
 13683 | Lair:2   | Reached XP level 12. HP: 62/86 MP: 14/26
 13795 | Lair:3   | Noticed a six-headed hydra
 13891 | Lair:3   | Found a staircase to the Snake Pit.
 13976 | Lair:3   | Lost mutation: You are weak. (Str -2) [potion of cure mutation]
 13976 | Lair:3   | Lost mutation: You can breathe flames. [potion of cure mutation]
 14237 | Lair:3   | Killed a six-headed hydra
 14361 | Lair:3   | Noticed Fannar
 14373 | Lair:3   | Killed Fannar
 14603 | Lair:3   | Reached skill level 14 in Necromancy
 14888 | D:9      | Bought a book of Unlife for 845 gold pieces
 14892 | D:9      | Learned a level 3 spell: Recall
 15440 | Lair:4   | Found a staircase to the Shoals.
 15500 | Lair:4   | Acquired Kikubaaqudgha's fourth power
 17026 | Lair:5   | Learned a level 5 spell: Dispel Undead
 17034 | Lair:5   | Noticed a seven-headed hydra
 17045 | Lair:5   | Noticed a catoblepas
 17047 | Lair:5   | Killed a seven-headed hydra
 17047 | Lair:5   | Reached skill level 1 in Evocations
 17060 | Lair:5   | Killed a catoblepas
 17220 | Lair:6   | Gained mutation: You regenerate health from kills. [demonic ancestry]
 17220 | Lair:6   | Reached XP level 13. HP: 92/92 MP: 9/28
 17245 | Lair:6   | Reached skill level 15 in Necromancy
 17421 | Lair:6   | Found a labyrinth entrance.
 17441 | Lab      | Entered a labyrinth
 17877 | Lair:6   | Found a runed door.
 17880 | Lair:6   | Found a viscous altar of Jiyva.
 17883 | Lair:6   | Found a staircase to the Slime Pits.
 18353 | Lair:7   | Reached skill level 5 in Evocations
 18721 | Lair:7   | Reached skill level 16 in Necromancy
 19004 | Lair:8   | Entered Level 8 of the Lair of Beasts
 19126 | Lair:8   | Gained mutation: You are dopey. (Int -2) [potion of mutation]
 19126 | Lair:8   | Gained mutation: You are frail (-10% HP). [potion of mutation]
 19126 | Lair:8   | Gained mutation: You have an increased reservoir of magic (+10% MP). [potion of mutation]
 19449 | Lair:8   | Got a heavily runed wooden ring
 19450 | Lair:8   | Identified the ring "Cyloti Moqa" {rF+ Int+3 SInv} (You found it on level 8 of the Lair of Beasts)
 19700 | Lair:8   | Identified the Grimoire of the Assorted Blessings
 20049 | Lair:8   | Reached XP level 14. HP: 94/94 MP: 20/32
 20752 | D:11     | Your ally Sonja died
 20759 | Orc:1    | Entered Level 1 of the Orcish Mines
 20759 | Orc:1    | Noticed Maurice
 20838 | D:11     | Killed Maurice
 21033 | Orc:1    | Noticed Nergalle
 21053 | Orc:1    | Killed Nergalle
 21278 | Orc:1    | Your ally Nergalle died
 21703 | Orc:3    | Found Iciunaiw's Distillery.
 21727 | Orc:3    | Bought a potion of curing for 51 gold pieces
 21727 | Orc:3    | Bought a potion of heal wounds for 85 gold pieces
 21730 | Orc:3    | Found a staircase to the Elven Halls.
 22045 | Orc:3    | Noticed CHEIROBIN's ghost (powerful MiFi)
 22124 | Orc:3    | Killed CHEIROBIN's ghost
 22307 | Orc:3    | Noticed Nessos
 22310 | Orc:3    | Killed Nessos
 22462 | Orc:3    | Your ally Nessos died
 22583 | Orc:4    | Entered Level 4 of the Orcish Mines
 22583 | Orc:4    | Noticed Josephine
 22596 | Orc:4    | Killed Josephine
 23012 | Orc:4    | Noticed Rupert
 23049 | Orc:4    | Found Pautroun's Assorted Antiques.
 23049 | Orc:4    | Found Necorgh's Weapon Shoppe.
 23049 | Orc:4    | Found Nihol's Book Boutique.
 23049 | Orc:4    | Found Jytany's Weapon Shoppe.
 23053 | Orc:4    | HP: 3/97 [orc knight/great sword (11)]
 23053 | Orc:4    | Mangled by an orc knight

Vault maps used:
D:1:      lemuel_arrival_muddy
D:2:      minitemple, minmay_misc_feat_pillars, hex_medium,
          minmay_misc_feat_enclosed, serial_park_tiny_pond, uniq_iyjb
D:3:      kiku_gazebo_garden_becter, minivault_11
D:4:      tgw_sif, minmay_temple_entry_large_hall,
          nicolae_ossuary_entry_catacombs, first_bread, minmay_fountain_box
D:5:      minmay_opposing_rooms, uniq_edmund
D:6:      lemuel_insect_pit, portal_sewer_entry_e, serial_shops,
          nicolae_shop_crystal
D:8:      lair_0_dummy, uniq_gastronok, uniq_erica
D:9:      lemuel_doored_altar, elyvilon_altar_4, serial_shops,
          nicolae_shop_behind_doors
D:11:     orc_0_dummy, uniq_sonja
D:12:     hangedman_stone_soup, minivault_1, minmay_misc_feat_iff
Temple:   circular_temple_6
Lair:1:   nicolae_volcano_entry_vermiform, grunt_forest_stairs_basic
Lair:2:   lemuel_old_faithful
Lair:3:   minmay_snake_entry_guardpost_medium, minmay_lair_oklob_bushes,
          uniq_fannar
Lair:4:   shoals_dummy_entry, serial_forest, infiniplex_forest_end_double,
          infiniplex_forest_split, infiniplex_forest_end_1,
          infiniplex_forest_clump_long, infiniplex_forest_lined_2,
          infiniplex_forest_lined_2
Lair:6:   slime_altar_2, lab_entry_generic, lemuel_fruit_tree
Lair:7:   guppyfry_lair_drakes, lemuel_fruit_fields, grunt_megastairs_5
Lair:8:   wormcave, guppyfry_lair_end_dragon
Orc:1:    uniq_maurice, uniq_nergalle
Orc:3:    serial_shops, shop, nicolae_orc_pool_cavern, uniq_nessos
Orc:4:    grunt_orc_tribal_feast, uniq_josephine, uniq_rupert
Lab:      nicolae_lab_dead_adventurers
Sewer:    sewer_frog_island_01
Ossuary:  ossuary_tomb_2

Action                   |  1- 3 |  4- 6 |  7- 9 | 10-12 | 13-15 || total
-------------------------+-------+-------+-------+-------+-------++-------
Melee: Short sword       |    25 |    52 |       |       |       ||    77
       Trident           |       |    61 |   334 |   529 |    31 ||   955
       Staff             |       |       |       |    37 |   492 ||   529
       Unarmed           |       |       |       |       |    26 ||    26
 Cast: Pain              |    33 |    38 |    89 |   143 |     9 ||   312
       Animate Skeleton  |    10 |    18 |       |     6 |     3 ||    37
       Vampiric Draining |       |     2 |    17 |    16 |     6 ||    41
       Regeneration      |       |       |     9 |     2 |    12 ||    23
       Control Undead    |       |       |     2 |     1 |       ||     3
       Animate Dead      |       |       |    24 |   106 |   106 ||   236
       Sublimation of Bl |       |       |     4 |     5 |    22 ||    31
       Corpse Rot        |       |       |     1 |     1 |     8 ||    10
       Bolt of Draining  |       |       |       |    35 |    67 ||   102
       Recall            |       |       |       |     5 |     8 ||    13
Invok: Receive Corpses   |       |       |     2 |    17 |    22 ||    41
       Torment           |       |       |       |       |     1 ||     1
Evoke: Wand              |       |       |       |     1 |     2 ||     3
       Fan of gales      |       |       |       |     1 |       ||     1
  Use: Potion            |     4 |     3 |     8 |     5 |     9 ||    29
       Scroll            |     3 |     3 |    10 |    14 |    11 ||    41
 Stab: Sleeping          |       |     8 |     8 |    17 |    14 ||    47
       Distracted        |       |       |       |    15 |    14 ||    29
  Eat: Chunk             |     2 |     2 |       |     8 |     4 ||    16
       Bread ration      |       |     1 |     6 |     1 |     1 ||     9
       Meat ration       |       |       |       |     7 |     1 ||     8
       Pizza             |       |       |       |     1 |     2 ||     3
       Beef jerky        |       |       |       |     1 |       ||     1
       Fruit             |       |       |       |       |    17 ||    17
